EL
WATERBURY ROUGH RIDERS @ LYNN SAILORS
09/08/1982
 
TOP OF THE 1ST
Waterbury Rough Riders batting - Pitching for Lynn Sailors : RHP Tim Reynolds
Pitching: RHP Tim Reynolds
Batting: RHB David Corman 0-0: Fly out, F9 (Flyball, 9S, EV 92.5 MPH)
Batting: RHB Jack Fimple 0-0: Ball
1-0: Foul Ball, location: 2F
1-1: Ball
2-1: Foul Ball, location: 2F
2-2: Strikes out swinging
Batting: RHB Dave Wilder 0-0: Called Strike
0-1: Ball
1-1: Ball
2-1: Swinging Strike
2-2: Foul Ball, location: 2F
2-2: Ground out 6-3 (Groundball, 6, EV 88.8 MPH)
Top of the 1st over - 0 runs, 0 hits, 0 errors, 0 left on base; Waterbury 0 - Lynn 0
BOTTOM OF THE 1ST
Lynn Sailors batting - Pitching for Waterbury Rough Riders : RHP Jeffrey Orville
Pitching: RHP Jeffrey Orville
Batting: SHB Rosben Majam 0-0: Ball
1-0: Foul Ball, location: 2F
1-1: Ball
2-1: Fly out, F9 (Line Drive, 9, EV 104.4 MPH)
Batting: RHB Vinny Jaramillo 0-0: Fly out, F8 (Flyball, 8LM, EV 85.6 MPH)
Batting: RHB Ken Gerhart 0-0: Called Strike
0-1: Swinging Strike
0-2: Ball
1-2: Ball
2-2: Strikes out looking
Bottom of the 1st over - 0 runs, 0 hits, 0 errors, 0 left on base; Waterbury 0 - Lynn 0
TOP OF THE 2ND
Waterbury Rough Riders batting - Pitching for Lynn Sailors : RHP Tim Reynolds
Batting: RHB Billy Beane 0-0: Swinging Strike
0-1: Ball
1-1: Swinging Strike
1-2: Strikes out looking
Batting: RHB Junior Ortiz 0-0: Foul Ball, location: 2F
0-1: Fly out, F9 (Flyball, 89D, EV 96.3 MPH)
Batting: RHB Daniel Purpura 0-0: Called Strike
0-1: Foul Ball, location: 2F
0-2: Foul Ball, location: 2F
0-2: Foul Ball, location: 2F
0-2: Foul Ball, location: 2F
0-2: Ball
1-2: Ball
2-2: Foul Ball, location: 2F
2-2: Foul Ball, location: 2F
2-2: Ground out U3 (Groundball, 34, EV 88.8 MPH)
Top of the 2nd over - 0 runs, 0 hits, 0 errors, 0 left on base; Waterbury 0 - Lynn 0
BOTTOM OF THE 2ND
Lynn Sailors batting - Pitching for Waterbury Rough Riders : RHP Jeffrey Orville
Batting: RHB Mike Reddish 0-0: Ball
1-0: Called Strike
1-1: Ground out U3 (Groundball, 13, EV 88.8 MPH)
Batting: LHB Tony Merulla 0-0: Ball
1-0: Fly out, F8 (Flyball, 8LXD, EV 93.8 MPH)
Batting: RHB Lee Wenzel 0-0: Ball
1-0: Ball
2-0: DOUBLE (Line Drive, 7LM, EV 108.8 MPH)
Batting: SHB Danny Gans 0-0: Ball
1-0: DOUBLE (Line Drive, 3D, EV 103.1 MPH)
Lee Wenzel scores
Batting: RHB Ezequiel Carrasco 0-0: Called Strike
0-1: Ball
1-1: Ball
2-1: Ball
3-1: Base on Balls
Batting: RHB Carmelo Castillo 0-0: Called Strike
0-1: Foul Ball, location: 2F
0-2: Foul Ball, location: 2F
0-2: Ball
1-2: Fly out, F7 (Flyball, 7LS, EV 93.1 MPH)
Bottom of the 2nd over - 1 run, 2 hits, 0 errors, 2 left on base; Waterbury 0 - Lynn 1
TOP OF THE 3RD
Waterbury Rough Riders batting - Pitching for Lynn Sailors : RHP Tim Reynolds
Batting: LHB Wilson Tucker 0-0: Ground out 5-3 (Groundball, 56, EV 82.5 MPH)
Batting: RHB Enrique Collado 0-0: Called Strike
0-1: Called Strike
0-2: DOUBLE (Line Drive, 78M, EV 113.1 MPH)
Batting: RHB Jose Quiroz 0-0: Ball
1-0: Called Strike
1-1: Swinging Strike
1-2: Fly out, F8 (Flyball, 8LD, EV 92.5 MPH)
Batting: RHB David Corman 0-0: Called Strike
0-1: Swinging Strike
0-2: Ball
1-2: Foul Ball, location: 2F
1-2: Foul Ball, location: 2F
1-2: Foul Ball, location: 2F
1-2: Fly out, F4 (Popup, 4, EV 69.4 MPH)
Top of the 3rd over - 0 runs, 1 hit, 0 errors, 1 left on base; Waterbury 0 - Lynn 1
BOTTOM OF THE 3RD
Lynn Sailors batting - Pitching for Waterbury Rough Riders : RHP Jeffrey Orville
Batting: SHB Rosben Majam 0-0: Ball
1-0: Foul Ball, location: 2F
1-1: Ball
2-1: Ground out U3 (Groundball, 3, EV 104.4 MPH)
Batting: RHB Vinny Jaramillo 0-0: Called Strike
0-1: Foul Ball, location: 2F
0-2: Strikes out looking
Batting: RHB Ken Gerhart 0-0: Ball
1-0: Called Strike
1-1: Ball
2-1: Fly out, F2 (Popup, 2LF, EV 88.8 MPH)
Bottom of the 3rd over - 0 runs, 0 hits, 0 errors, 0 left on base; Waterbury 0 - Lynn 1
TOP OF THE 4TH
Waterbury Rough Riders batting - Pitching for Lynn Sailors : RHP Tim Reynolds
Batting: RHB Jack Fimple 0-0: Ball
1-0: Ground out U3 (Groundball, 34, EV 101.9 MPH)
Batting: RHB Dave Wilder 0-0: Called Strike
0-1: Ball
1-1: Ball
2-1: Ground out 5-3 (Groundball, 5S, EV 78.1 MPH)
Batting: RHB Billy Beane 0-0: Foul Ball, location: 2F
0-1: Called Strike
0-2: Ball
1-2: Ball
2-2: Ground out 5-3 (Groundball, 56S, EV 82.5 MPH)
Top of the 4th over - 0 runs, 0 hits, 0 errors, 0 left on base; Waterbury 0 - Lynn 1
BOTTOM OF THE 4TH
Lynn Sailors batting - Pitching for Waterbury Rough Riders : RHP Jeffrey Orville
Batting: RHB Mike Reddish 0-0: Ball
1-0: Ball
2-0: SOLO HOME RUN (Flyball, 78XD, EV 101.9 MPH), Distance : 431 ft
Batting: LHB Tony Merulla 0-0: Ground out 5-3 (Groundball, 5, EV 99.4 MPH)
Batting: RHB Lee Wenzel 0-0: Ball
1-0: Called Strike
1-1: Foul Ball, location: 2F
1-2: Foul Ball, location: 2F
1-2: Ball
2-2: Ground out U3 (Groundball, 13, EV 75.6 MPH)
Batting: SHB Danny Gans 0-0: Called Strike
0-1: Swinging Strike
0-2: Ball
1-2: Foul Ball, location: 2F
1-2: SINGLE (Groundball, 15S, EV 65.6 MPH) (infield hit)
Batting: RHB Ezequiel Carrasco 0-0: Ball
1-0: Foul Ball, location: 2F
1-1: Ball
2-1: Ball
3-1: DOUBLE (Groundball, 5L, EV 109.4 MPH)
Danny Gans to third
Runner from 3rd tries for Home, SAFE, throw by LF to home
Batting: RHB Carmelo Castillo 0-0: Called Strike
0-1: Ball
1-1: Ball
2-1: Ball
3-1: Foul Ball, location: 2F
3-2: Foul Ball, location: 2F
3-2: Base on Balls
Batting: SHB Rosben Majam 0-0: Called Strike
0-1: Ball
1-1: Ball
2-1: Foul Ball, location: 2F
2-2: Ball
3-2: Strikes out swinging
Bottom of the 4th over - 2 runs, 3 hits, 0 errors, 2 left on base; Waterbury 0 - Lynn 3
TOP OF THE 5TH
Waterbury Rough Riders batting - Pitching for Lynn Sailors : RHP Tim Reynolds
Batting: RHB Junior Ortiz 0-0: Ground out 5-3 (Groundball, 5L, EV 109.4 MPH)
Batting: RHB Daniel Purpura 0-0: Ball
1-0: Called Strike
1-1: Ball
2-1: Ball
3-1: Foul Ball, location: 2F
3-2: Fly out, F1 (Line Drive, P, EV 66.3 MPH)
Batting: LHB Wilson Tucker 0-0: Ball
1-0: Ground out 6-3 (Groundball, 6, EV 92.5 MPH)
Top of the 5th over - 0 runs, 0 hits, 0 errors, 0 left on base; Waterbury 0 - Lynn 3
BOTTOM OF THE 5TH
Lynn Sailors batting - Pitching for Waterbury Rough Riders : RHP Jeffrey Orville
Batting: RHB Vinny Jaramillo 0-0: Ball
1-0: Called Strike
1-1: Ball
2-1: Foul Ball, location: 2F
2-2: Foul Ball, location: 2F
2-2: Ground out 6-3 (Groundball, 6, EV 86.3 MPH)
Batting: RHB Ken Gerhart 0-0: Ball
1-0: Ball
2-0: Called Strike
2-1: Ground out 4-3 (Groundball, 4, EV 100.0 MPH)
Batting: RHB Mike Reddish 0-0: Called Strike
0-1: SINGLE (Line Drive, 9LS, EV 105.0 MPH)
Batting: LHB Tony Merulla 0-0: Ball
1-0: Ball
2-0: Called Strike
2-1: Swinging Strike
2-2: Foul Ball, location: 2F
2-2: Foul Ball, location: 2F
2-2: Foul Ball, location: 2F
2-2: Fly out, F9 (Flyball, 89S, EV 90.0 MPH)
Bottom of the 5th over - 0 runs, 1 hit, 0 errors, 1 left on base; Waterbury 0 - Lynn 3
TOP OF THE 6TH
Waterbury Rough Riders batting - Pitching for Lynn Sailors : RHP Tim Reynolds
Batting: RHB Enrique Collado 0-0: Ground out 6-3 (Groundball, 6, EV 79.4 MPH)
Batting: RHB Jose Quiroz 0-0: Ground out 4-3 (Groundball, 34, EV 95.6 MPH)
Batting: RHB David Corman 0-0: Called Strike
0-1: Called Strike
0-2: Foul Ball, location: 2F
0-2: Ball
1-2: Ball
2-2: DOUBLE (Line Drive, 89D, EV 106.3 MPH)
Batting: RHB Jack Fimple 0-0: Ball
1-0: Ball
2-0: Foul Ball, location: 2F
2-1: Ball
3-1: Base on Balls
Batting: RHB Dave Wilder 0-0: DOUBLE (Line Drive, 9LS, EV 113.1 MPH)
David Corman scores
Jack Fimple to third
Runner from 3rd tries for Home, SAFE, throw by RF to trailing runner, SAFE at third!
Batting: RHB Billy Beane 0-0: Foul Ball, location: 2F
0-1: Swinging Strike
0-2: Ball
1-2: Ball
2-2: Strikes out looking
Top of the 6th over - 2 runs, 2 hits, 0 errors, 1 left on base; Waterbury 2 - Lynn 3
BOTTOM OF THE 6TH
Lynn Sailors batting - Pitching for Waterbury Rough Riders : RHP Jeffrey Orville
Batting: RHB Lee Wenzel 0-0: Ground out 6-3 (Groundball, 6, EV 83.8 MPH)
Batting: SHB Danny Gans 0-0: Swinging Strike
0-1: Ball
1-1: Ball
2-1: Called Strike
2-2: DOUBLE (Flyball, 8LXD, EV 108.8 MPH)
Batting: RHB Ezequiel Carrasco 0-0: Ball
Danny Gans steals 3rd base
1-0: Ball
2-0: Foul Ball, location: 2F
2-1: Ball
3-1: Base on Balls
Batting: RHB Carmelo Castillo 0-0: Ball
1-0: Fly out, F7 (Flyball, 78M, EV 90.0 MPH)
Runner from 3rd tags up, SCORES, throw by LF
Batting: SHB Rosben Majam 0-0: Called Strike
0-1: Ball
1-1: Ball
2-1: Ball
3-1: Base on Balls
Ezequiel Carrasco to second
Batting: RHB Vinny Jaramillo 0-0: Ball
1-0: Called Strike
1-1: Foul Ball, location: 2F
1-2: Foul Ball, location: 2F
1-2: Ball
2-2: Ground out 4-3 (Groundball, 4, EV 87.5 MPH)
Bottom of the 6th over - 1 run, 1 hit, 0 errors, 2 left on base; Waterbury 2 - Lynn 4
TOP OF THE 7TH
Waterbury Rough Riders batting - Pitching for Lynn Sailors : RHP Tim Reynolds
Batting: RHB Junior Ortiz 0-0: Swinging Strike
0-1: Ball
1-1: Foul Ball, location: 2F
1-2: Fly out, F8 (Flyball, 8RD, EV 97.5 MPH)
Batting: RHB Daniel Purpura 0-0: Ball
1-0: Called Strike
1-1: Foul Ball, location: 2F
1-2: Ball
2-2: Foul Ball, location: 2F
2-2: Ground out 5-3 (Groundball, 56S, EV 65.6 MPH)
Batting: LHB Wilson Tucker 0-0: Fly out, F5 (Popup, 5SF, EV 78.8 MPH)
Top of the 7th over - 0 runs, 0 hits, 0 errors, 0 left on base; Waterbury 2 - Lynn 4
BOTTOM OF THE 7TH
Lynn Sailors batting - Pitching for Waterbury Rough Riders : RHP Jeffrey Orville
Batting: RHB Ken Gerhart 0-0: Ground out 6-3 (Groundball, 6M, EV 82.5 MPH)
Batting: RHB Mike Reddish 0-0: Ball
1-0: SINGLE (Groundball, 56D, EV 107.5 MPH)
Batting: LHB Tony Merulla 0-0: Swinging Strike
0-1: Ball
1-1: Fly out, F9 (Flyball, 9LM, EV 93.1 MPH)
Batting: RHB Lee Wenzel 0-0: Called Strike
0-1: Swinging Strike
0-2: Fielders Choice at 2nd, 6-4 (Groundball, 6, EV 83.1 MPH)
Bottom of the 7th over - 0 runs, 1 hit, 0 errors, 1 left on base; Waterbury 2 - Lynn 4
TOP OF THE 8TH
Waterbury Rough Riders batting - Pitching for Lynn Sailors : RHP Tim Reynolds
Batting: RHB Enrique Collado 0-0: Fly out, F8 (Flyball, 89D, EV 93.1 MPH)
Batting: RHB Jose Quiroz 0-0: Ball
1-0: Ball
2-0: Ball
3-0: Base on Balls
Batting: RHB David Corman 0-0: Fly out, F3 (Popup, 34S, EV 85.0 MPH)
Batting: RHB Jack Fimple 0-0: Ball
1-0: Called Strike
1-1: Ball
2-1: Fly out, F9 (Flyball, 89S, EV 91.9 MPH)
Top of the 8th over - 0 runs, 0 hits, 0 errors, 1 left on base; Waterbury 2 - Lynn 4
BOTTOM OF THE 8TH
Lynn Sailors batting - Pitching for Waterbury Rough Riders : RHP Jeffrey Orville
Batting: SHB Danny Gans 0-0: Foul Ball, location: 2F
0-1: Fly out, F7 (Flyball, 7, EV 81.9 MPH)
Batting: RHB Ezequiel Carrasco 0-0: Ball
1-0: Called Strike
1-1: Ground out U3 (Groundball, 3S, EV 63.8 MPH)
Batting: RHB Carmelo Castillo 0-0: Ball
1-0: Ball
2-0: Foul Ball, location: 2F
2-1: Foul Ball, location: 2F
2-2: SINGLE (Flyball, 4D, EV 98.8 MPH)
Batting: SHB Rosben Majam 0-0: Ball
1-0: Ball
2-0: Foul Ball, location: 2F
2-1: SINGLE (Flyball, 78S, EV 95.0 MPH)
Carmelo Castillo to second
Batting: RHB Vinny Jaramillo 0-0: Ball
1-0: SINGLE (Groundball, 34D, EV 88.1 MPH) (infield hit)
Carmelo Castillo to third
Rosben Majam to second
Batting: RHB Ken Gerhart 0-0: Ball
1-0: Called Strike
1-1: Swinging Strike
1-2: Ball
2-2: Fly out, F8 (Flyball, 8RD, EV 103.1 MPH)
Bottom of the 8th over - 0 runs, 3 hits, 0 errors, 3 left on base; Waterbury 2 - Lynn 4
TOP OF THE 9TH
Waterbury Rough Riders batting - Pitching for Lynn Sailors : RHP Tim Reynolds
Pitching: RHP Mike Walters
Batting: RHB Dave Wilder 0-0: Ball
1-0: Called Strike
1-1: Ball
2-1: Foul Ball, location: 2F
2-2: Strikes out swinging
Batting: RHB Billy Beane 0-0: Called Strike
0-1: Ball
1-1: Fly out, F7 (Line Drive, 7D, EV 108.1 MPH)
Batting: RHB Junior Ortiz 0-0: Ball
1-0: Ball
2-0: Called Strike
2-1: Foul Ball, location: 2F
2-2: Ball
3-2: Base on Balls
Batting: RHB Daniel Purpura 0-0: Foul Ball, location: 2F
0-1: Foul Ball, location: 2F
0-2: Ground out 4-3 (Groundball, 34, EV 79.4 MPH)
Top of the 9th over - 0 runs, 0 hits, 0 errors, 1 left on base; Waterbury 2 - Lynn 4
Friday, August 28th, 2020 - OOTP Baseball 21.5 Build 76